 Dungeon Sprint DCSS version 0.30-a0-540-g0af01429fa (webtiles) character file.

Game seed: 4028112308298336399

6346 rocky1 the Ninja (level 10, -3/144 HPs)
             Began as a Naga Brigand on Dec 26, 2022.
             Was an Initiate of Gozag.
             Killed from afar by a gargoyle (27 damage)
             ... with a stone arrow
             ... in the Dungeon (Sprint I: "Red Sonja").
             The game lasted 00:08:48 (1431 turns).

rocky1 the Ninja (Naga Brigand)                     Turns: 1431, Time: 00:08:48

Health: -3/144     AC: 12    Str: 13    XL:     10   Next: 96%
Magic:  3/3        EV: 12    Int: 18    God:    Gozag
Gold:   586        SH:  0    Dex: 20    Spells: 9/9 levels left

rFire   + + .      SeeInvis +    r - +9 rapier "Miugu" {antimagic, Int+3}
rCold   . . .      Faith    .    (no shield)
rNeg    . . .      Spirit   .    w - +2 robe {rF+}
rPois   +          Reflect  .    A - +3 helmet of Hadjma {rF+ Int+3}
rElec   .          Harm     .    c - +0 cloak
rCorr   .          Rampage  .    y - +0 pair of gloves {Dex+3}
Will    +....      NoTele   +    (no barding) Stlth
                                 (no amulet)
HPRegen 0.44/turn                B - +4 ring of slaying
MPRegen 0.08/turn                u - ring of flight

@: berserking (expiring), gold aura, flying, quick
A: AC +3, large, see invisible, deformed body, poison resistance, slowness 2,
spit poison 1, naga tail 1
a: Spit Poison, Renounce Religion, Potion Petition, Call Merchant, Bribe Branch


You were in the Dungeon.
You worshipped Gozag.
Gozag was pleased with you.
You visited 1 branch You collected 2993 gold pieces.
You spent 2407 gold pieces at shops.

Inventory:

Hand Weapons
 a - a +2 dagger
 p - a +0 dagger of draining
 q - a +0 long sword of draining
 r - the +9 rapier "Miugu" (weapon) {antimagic, Int+3}
   (You bought it in a shop in the Dungeon)

   It reduces the magical energy of the wielder, and disrupts the spells and
   magical abilities of those it strikes.
   Natural abilities and divine invocations are not affected.
   Int:       It affects your intelligence (+3).
 x - the +3 short sword of the Mind {holy, rElec rPois rF- Stlth+}
   (You found it in the Dungeon)

   It has been blessed by the Shining One to cause great damage to the undead
   and demons.
   rF:        It makes you vulnerable to fire.
   rElec:     It insulates you from electricity.
   rPois:     It protects you from poison.
   Stlth:     It makes you more stealthy.
Missiles
 d - 9 poisoned darts
 e - 7 curare-tipped darts
Armour
 b - a +0 robe
 c - a +0 cloak (worn)
 w - a +2 robe of fire resistance (worn)
 y - a +0 pair of gloves of dexterity (worn)
 z - a scarf of harm
 A - the +3 helmet of Hadjma (worn) {rF+ Int+3}
   (You bought it in a shop in the Dungeon)

   Int:       It affects your intelligence (+3).
   rF:        It protects you from fire.
Jewellery
 t - a +6 ring of strength
 u - a ring of flight (right hand)
 B - a +4 ring of slaying (left hand)
Wands
 l - a wand of mindburst (14) (quivered)
 o - a wand of polymorph (11)
Scrolls
 k - 5 scrolls of blinking
 m - 2 scrolls of fear {unknown}
 s - a scroll of enchant weapon {unknown}
Potions
 f - 7 potions of curing
 g - 4 potions of heal wounds
 h - 2 potions of haste
 i - 2 potions of magic
 j - 2 potions of berserk rage
 n - 2 potions of might
 v - 2 potions of resistance {unknown}


   Skills:
 + Level 7.7 Fighting
 * Level 12.8 Short Blades
 - Level 4.8 Throwing
 + Level 4.0 Dodging
 O Level 27 Stealth
 + Level 8.4 Evocations


You had 9 spell levels left.
You didn't know any spells.
Your spell library was empty.

Dungeon Overview and Level Annotations

Branches:
Dungeon (1/1)

Altars:
Cheibriados
Dithmenos
Elyvilon
Fedhas
Gozag
Hepliaklqana
Kikubaaqudgha
Makhleb
Nemelex Xobeh
Okawaru
Qazlal
Ru
Sif Muna
Trog
Uskayaw
Vehumet
Wu Jian
Xom
Yredelemnul
Zin
The Shining One
Jiyva
Lugonu

Shops:
D *!=[!=(=[[*[(*?[*


Innate Abilities, Weirdness & Mutations

Your serpentine skin is tough. (AC +3)
You have supernaturally acute eyesight. (SInv)
Armour fits poorly on your strangely shaped body.
Your system is resistant to poisons. (rPois)
You cover ground very slowly.
You can spit poison.
You have a snake-like lower body.


Message History

The demonic crawler hits you but does no damage.
The demonic crawler closely misses you.
You barely miss the demonic crawler.
The demonic crawler is moderately wounded.
You puncture the demonic crawler!
The demonic crawler is heavily wounded.
The demonic crawler is distracted by your dazzling golden aura.
The demonic crawler completely misses you.
The demonic crawler hits you but does no damage.
The demonic crawler hits you.
The demonic crawler gives a hideous shriek!
You impale the demonic crawler!!
The demonic crawler is almost dead.
You hit the demonic crawler.
The demonic crawler is almost dead.
The demonic crawler hits you but does no damage.
The demonic crawler misses you. The demonic crawler hits you.
* * * LOW HITPOINT WARNING * * *
You impale the demonic crawler!!
You kill the demonic crawler!
Your Dodging skill increases to level 4!
You puncture the gargoyle!
The gargoyle is moderately damaged.
You hit the gargoyle but do no damage.
The gargoyle is moderately damaged.
You hit the gargoyle but do no damage.
The gargoyle is moderately damaged.
The gargoyle hurls a stone arrow at you.
The stone arrow hits you!!
* * * LOW HITPOINT WARNING * * *
You barely miss the gargoyle.
The gargoyle is moderately damaged.
You hit the gargoyle.
The gargoyle is heavily damaged.
You puncture the gargoyle!
The gargoyle is almost destroyed.
The gargoyle hurls a stone arrow at you.
The stone arrow hits you!!
You die...
Your body crumbles into a pile of gold.

##################
.#.)'..#__#..)...# $
$$
)'..#..'..'.)#..$##+#$
'#####'#__####..@9.s#$
.#...#.####(.#####..+$
$ ##..##.#~§~§)#..#
+## $ $
_##'#_.'§§§..'..# $
..'..._#~§~.)#.§# $$$
_##_.#'##'#####'###
_###'#.#§.)(###.'.#
####.####'###.###.#
..'...'.....'.∩##.# $$


You could see a demonic crawler and a gargoyle.

Vanquished Creatures
  2 centaur warriors (D)
  Sonja (D)
  A deep troll (D)
  An oklob plant (D)
  2 kobold demonologists (D)
  2 unseen horrors (D)
  3 demonic crawlers (D)
  A hornet (D)
  A slime creature (D)
  Sigmund (D)
  A yak (D)
  2 redbacks (D)
  2 floating eyes (D)
  An ogre (D)
  7 necrophages (D)
  8 jellies (D)
  Ijyb (D)
  A ballistomycete spore (D)
38 creatures vanquished.

Vanquished Creatures (others)
  A ballistomycete spore (D)
1 creature vanquished.

Grand Total: 39 creatures vanquished

Notes
Turn   | Place    | Note
-------+----------+-------------------------------------------
     0 | D        | rocky1 the Naga Brigand began the quest for the Orb.
     0 | D        | Reached XP level 1. HP: 19/19 MP: 1/1
     2 | D        | Noticed Ijyb
     4 | D        | Killed Ijyb
     5 | D        | Reached skill level 9 in Stealth
     5 | D        | Reached XP level 2. HP: 27/27 MP: 2/2
     5 | D        | Reached XP level 3. HP: 33/33 MP: 3/3
    12 | D        | Noticed an ogre
    15 | D        | Killed an ogre
    16 | D        | Reached skill level 1 in Dodging
    16 | D        | Reached skill level 12 in Stealth
    16 | D        | Reached XP level 4. HP: 42/42 MP: 4/4
    27 | D        | Noticed Sigmund
    30 | D        | Killed Sigmund
    31 | D        | Reached skill level 15 in Stealth
    31 | D        | Reached XP level 5. HP: 50/50 MP: 5/5
    31 | D        | Reached XP level 6. HP: 57/57 MP: 6/6
    46 | D        | Found an ornate altar of the Wu Jian Council.
    46 | D        | Found a shimmering blue altar of Sif Muna.
    48 | D        | Found a radiant altar of Vehumet.
    53 | D        | Reached skill level 16 in Stealth
    87 | D        | Found Feptonwul's Distillery.
    87 | D        | Found an ancient bone altar of Kikubaaqudgha.
    87 | D        | Found a hazy altar of Hepliaklqana.
    87 | D        | Found a stormy altar of Qazlal.
    87 | D        | Found a hide-covered altar of Uskayaw.
    87 | D        | Found a blossoming altar of Fedhas.
    87 | D        | Found a bloodstained altar of Trog.
    87 | D        | Found an iron altar of Okawaru.
    87 | D        | Found a basalt altar of Yredelemnul.
    87 | D        | Found a glowing golden altar of the Shining One.
    87 | D        | Found a snail-covered altar of Cheibriados.
    87 | D        | Found a sacrificial altar of Ru.
    87 | D        | Found a glowing silver altar of Zin.
    87 | D        | Found a shadowy altar of Dithmenos.
    87 | D        | Found a white marble altar of Elyvilon.
    87 | D        | Noticed a yak
    88 | D        | Found an opulent altar of Gozag.
    89 | D        | Killed a yak
    90 | D        | Reached skill level 17 in Stealth
    90 | D        | Reached skill level 5 in Evocations
    90 | D        | Reached XP level 7. HP: 64/64 MP: 7/7
    90 | D        | Found a sparkling altar of Nemelex Xobeh.
   103 | D        | Became a worshipper of Gozag Ym Sagoz the Greedy
   107 | D        | Bought a potion of curing for 30 gold pieces
   107 | D        | Bought a potion of heal wounds for 50 gold pieces
   107 | D        | Bought a potion of might for 40 gold pieces
   107 | D        | Bought 2 potions of curing for 60 gold pieces
   107 | D        | Bought a potion of might for 40 gold pieces
   122 | D        | Noticed Sonja
   128 | D        | Killed Sonja
   129 | D        | Reached skill level 5 in Short Blades
   129 | D        | Reached skill level 20 in Stealth
   129 | D        | Reached XP level 8. HP: 34/73 MP: 8/8
   288 | D        | Found Janusk's Assorted Antiques.
   296 | D        | Bought a blackened rapier for 279 gold pieces
   296 | D        | Identified the +9 rapier "Miugu" {antimagic, Int+3} (You
                  | bought it in a shop in the Dungeon)
   309 | D        | Noticed a deep troll
   313 | D        | Killed a deep troll
   314 | D        | Reached skill level 5 in Fighting
   314 | D        | Reached skill level 22 in Stealth
   324 | D        | Found Iteag Pewo's Armour Emporium.
   349 | D        | Noticed a centaur warrior
   351 | D        | Noticed a centaur warrior
   353 | D        | Killed a centaur warrior
   354 | D        | Reached skill level 24 in Stealth
   354 | D        | Reached XP level 9. HP: 81/81 MP: 3/9
   354 | D        | Killed a centaur warrior
   355 | D        | Reached skill level 25 in Stealth
   366 | D        | Noticed a hornet
   369 | D        | Killed a hornet
   370 | D        | Reached skill level 26 in Stealth
   381 | D        | Noticed an oklob plant
   383 | D        | Killed an oklob plant
   399 | D        | Reached XP level 10. HP: 90/90 MP: 3/10
   402 | D        | Reached skill level 27 in Stealth
   422 | D        | Noticed an unseen horror
   422 | D        | Noticed an unseen horror
   433 | D        | Killed an unseen horror
   442 | D        | Killed an unseen horror
   769 | D        | Reached skill level 10 in Short Blades
   773 | D        | Identified the +3 short sword of the Mind {holy, rElec
                  | rPois rF- Stlth+}
   850 | D        | Found Ostaku Ypat's Antique Armour Shoppe.
   850 | D        | Found Soeraj's Jewellery Shop.
   850 | D        | Found Plog's Distillery.
   852 | D        | Found Iroakk's Jewellery Emporium.
   852 | D        | Found Gafiskih's Antique Weapon Shop.
   852 | D        | Found Rena's Jewellery Shoppe.
   852 | D        | Found Worow's Antique Armour Boutique.
   852 | D        | Found Nedgh's Antique Armour Emporium.
   852 | D        | Found Heoppol's General Store.
   852 | D        | Found Bemicuwkeiz's Antique Armour Shoppe.
   860 | D        | Bought a potion of heal wounds for 55 gold pieces
   860 | D        | Bought a potion of haste for 110 gold pieces
   860 | D        | Found Vianku's Weapon Boutique.
   861 | D        | Found Fufysaad's Magic Scroll Emporium.
   861 | D        | Found Ynet's General Store.
   862 | D        | Found Dedeut's General Store.
   864 | D        | Bought a pair of embroidered gloves for 142 gold pieces
   864 | D        | Bought a runed scarf for 152 gold pieces
   872 | D        | Bought a pitted helmet for 171 gold pieces
   872 | D        | Identified the +3 helmet of Hadjma {rF+ Int+3} (You bought
                  | it in a shop in the Dungeon)
   879 | D        | Bought a scroll of blinking for 105 gold pieces
   879 | D        | Bought 3 scrolls of blinking for 315 gold pieces
   880 | D        | Bought a +4 ring of slaying for 858 gold pieces
   917 | D        | Found a burning altar of Makhleb.
   917 | D        | Found a viscous altar of Jiyva.
   917 | D        | Found a shimmering altar of Xom.
   917 | D        | Found a corrupted altar of Lugonu.
  1112 | D        | Noticed a kobold demonologist
  1113 | D        | Noticed a kobold demonologist
  1129 | D        | Killed a kobold demonologist
  1139 | D        | Killed a kobold demonologist
  1405 | D        | Noticed a demonic crawler
  1405 | D        | Noticed a demonic crawler
  1405 | D        | Noticed a demonic crawler
  1405 | D        | Noticed a demonic crawler
  1412 | D        | Noticed a gargoyle
  1414 | D        | Killed a demonic crawler
  1418 | D        | Killed a demonic crawler
  1424 | D        | Killed a demonic crawler
  1431 | D        | Killed from afar by a gargoyle

Illustrated notes

Levels and vault maps discovered:
D:        dungeon_sprint_1 [red_sonja_temple_1, red_sonja_temple_small_1]

Skill      XL: |  1  2  3  4  5  6  7  8  9 10 |
---------------+-------------------------------+-----
Throwing       | 2 3 4 |  4.8
Stealth        | 9 12 15 17 20 24 26 27 | 27.0
Fighting       | 3 4 5 7 |  7.7
Short Blades   | 3 4 5 6 7 12 | 12.8
Dodging        | 1 2 4 |  4.0
Evocations     | 2 4 5 7 8 |  8.4

Action                   |  1- 3 |  4- 6 |  7- 9 | 10-12 || total
-------------------------+-------+-------+-------+-------++-------
Melee: Dagger            |     2 |     3 |     2 |       ||     7
       Punch             |       |       |     1 |     2 ||     3
       Rapier            |       |       |     6 |   101 ||   107
Evoke: Wand              |       |       |     2 |       ||     2
  Use: Potion            |       |       |       |     1 ||     1
 Stab: Sleeping          |     2 |     3 |     7 |    10 ||    22
Armor: Robe              |       |       |       |    34 ||    34
Dodge: Dodged            |       |       |     5 |    43 ||    48

Table legend: (Time is in decaauts)
 A = Elapsed time spent in this place.
 B = Non-inter-level travel time spent in this place.
 C = Inter-level travel time spent in this place.
 D = Time resting spent in this place.
 E = Time spent auto-exploring this place.
 F = Levels seen in this place.
 G = Mean time per level.
                   A        B        C        D        E       F      G
               +--------+--------+--------+--------+--------+-----+--------+
         Total |   1540 |   1540 |      0 |    796 |      0 |   1 | 1540.0 |
       Dungeon |   1540 |   1540 |      0 |    796 |      0 |   1 | 1540.0 |
               +--------+--------+--------+--------+--------+-----+--------+

Top non-repeatable levels by time:
       D: 1540 daAuts
